 Dungeon Crawl Stone Soup version 0.32-a0-306-gfed3edf829 (webtiles) character file.

Game seed: 1880697467521823889

78 n00bmints the Cudgeller (level 4, -2/41 HPs)
             Began as a Minotaur Berserker on Feb 15, 2024.
             Was a Follower of Trog.
             Slain by a gnoll
             ... wielding a +0 halberd
              (11 damage)
             ... on level 2 of the Dungeon.
             The game lasted 00:04:21 (1000 turns).

n00bmints the Cudgeller (Minotaur Berserker)        Turns: 1000, Time: 00:04:21

Health: -2/41      AC:  3    Str: 24    XL:     4   Next: 15%
Magic:  3/3        EV: 12    Int:  4    God:    Trog [*.....]
Gold:   47         SH:  0    Dex:  9    Spells: 3/3 levels left

rFire   . . .        a - +0 mace
rCold   . . .        (no shield)
rNeg    . . .        i - +0 leather armour
rPois   .            (helmet restricted)
rElec   .            (no cloak)
rCorr   .            (no gloves)
SInv    .            (no boots)
Will    .....        (no amulet)
Stlth   +            (no ring)
HPRegen 0.26/turn    (no ring)
MPRegen 0.08/turn

%: no passive effects
@: on berserk cooldown, slowed, very slow
A: horns 2, retaliatory headbutt
a: Renounce Religion, Berserk


You were on level 2 of the Dungeon.
You worshipped Trog.
Trog was aware of your devotion.
You visited 1 branch of the dungeon, and saw 2 of its levels.

You collected 47 gold pieces.

Inventory:

Hand Weapons
 a - a +0 mace (weapon)
Armour
 b - a +0 animal skin
 i - a +0 leather armour (worn)
Talismans
 d - a beast talisman
Scrolls
 e - a scroll of blinking {unknown}
 f - a scroll of teleportation {unknown}
Potions
 c - a potion of brilliance {unknown}
 g - a potion of curing (quivered) {unknown}
 h - a potion of haste {unknown}


   Skills:
 * Level 4.6 Fighting
 * Level 4.9 Maces & Flails
 * Level 2.9 Armour
 + Level 2.4 Dodging


You had 3 spell levels left.
You didn't know any spells.
Your spell library was empty.

Dungeon Overview and Level Annotations

Branches:
Dungeon (2/15)

Altars:


Innate Abilities, Weirdness & Mutations

You have a pair of horns on your head.
You reflexively headbutt those who attack you in melee.


Message History

A red film seems to cover your vision as you go berserk!
You feel yourself moving faster!
You feel mighty!
The ribbon worm bites you but does no damage.
The gnoll hits you from afar with a +0 halberd!
The gnoll hits you with a +0 club.
The web tears apart.
You feel a strong urge to attack something.
The ribbon worm bites you.
* * * LOW HITPOINT WARNING * * *
You sock the ribbon worm! Your headbutt misses the ribbon worm.
The ribbon worm is severely wounded.
The gnoll hits you from afar with a +0 halberd.
* * * LOW HITPOINT WARNING * * *
The gnoll completely misses you.
Okay, then.
You sock the ribbon worm!
You kill the ribbon worm!
Trog accepts your kill.
The gnoll throws a throwing net.
The throwing net misses you. The gnoll closely misses you.
You have reached level 4!
You feel stronger. The gnoll barely misses you.
You sock the gnoll!
The gnoll is severely wounded.
The gnoll barely misses you.
You sock the gnoll!
You kill the gnoll!
Trog accepts your kill. The gnoll closely misses you.
The gnoll barely misses you.
You see here a +0 club.
You feel a strong urge to attack something.
You are no longer berserk.
You are exhausted.
You feel yourself slow down. The gnoll closely misses you.
You closely miss the gnoll. Your headbutt misses the gnoll.
The gnoll hits you with a +0 halberd!
You die...

##.....## ##...(...##
#.........#
#.........#
#.........#
#.........#
#.......).#
##.....).###
#.......@g.####
#...........(.#####
#.......<...#.....#
#.........#..........
#.......).###.....###
##....<..## #........
##.....## #..#S....
........... ^....#...
############
##......S


You could see a gnoll.

Vanquished Creatures
  2 gnolls (D:2)
  An adder (D:2)
  A ribbon worm (D:2)
  2 dart slugs (D:1)
  3 ball pythons (D:1)
  3 bats (D:1)
  3 endoplasms
  3 goblins
  3 hobgoblins (D:1)
  A kobold (D:1)
  A frilled lizard (D:1)
  3 rats (D:1)
26 creatures vanquished.

Notes
Turn   | Place    | Note
-------+----------+-------------------------------------------
     0 | D:1      | n00bmints the Minotaur Berserker began the quest for the
                  | Orb.
     0 | D:1      | Reached XP level 1. HP: 19/19 MP: 0/0
   169 | D:1      | Reached XP level 2. HP: 27/27 MP: 1/1
   489 | D:1      | Reached XP level 3. HP: 34/34 MP: 2/2
   994 | D:2      | Reached XP level 4. HP: 12/41 MP: 3/3
  1000 | D:2      | Slain by a gnoll

Illustrated notes

Levels and vault maps discovered:
D:1:      roderic_crossed_star, layout_basic
D:2:      layout_rooms, basic_altar

Skill      XL: |  1  2 |
---------------+-------+-----
Fighting       | 4 |  4.6
Maces & Flails | 4 |  4.9
Armour         | |  2.9
Dodging        | |  2.4

Action                     |  1- 3 |  4- 6 || total
---------------------------+-------+-------++-------
  Melee: Mace              |    42 |     3 ||    45
         Headbutt          |     8 |       ||     8
 Invoke: Berserk           |     1 |       ||     1
 Armour: Animal skin       |    20 |       ||    20
         Leather armour    |    11 |     1 ||    12
  Dodge: Dodged            |    48 |     5 ||    53

Table legend: (Time is in decaauts)
 A = Elapsed time spent in this place.
 B = Non-inter-level travel time spent in this place.
 C = Inter-level travel time spent in this place.
 D = Time resting spent in this place.
 E = Time spent auto-exploring this place.
 F = Levels seen in this place.
 G = Mean time per level.
                   A        B        C        D        E       F      G
               +--------+--------+--------+--------+--------+-----+--------+
         Total |   1004 |    980 |     24 |      0 |    643 |   2 |  502.0 |
       Dungeon |   1004 |    980 |     24 |      0 |    643 |   2 |  502.0 |
               +--------+--------+--------+--------+--------+-----+--------+

Top non-repeatable levels by time:
     D:1: 965 daAuts
     D:2: 39 daAuts
